Map: Catalyst LE

Players

Juxtapose

  • Race: Zerg Zerg
  • Spawn Location: 5:00

PitFall - Winner!

  • Race: Protoss Protoss
  • League: Platinum
  • Spawn Location: 11:00

VOD

https://youtu.be/GDoqMucJy6Q

Description

This was an interesting match, I've never really been contained by a Protoss as Zerg before.

I'm not actually sure what I should have done here. I'm pleased my Nydus Network strategy did some good damage, but I suspected Void Rays and there was little I could do against them.

The best I can think of would have been instead of Roaches and Ravagers, fast tech to the Nydus Network and Hydralisks. I'll need to ask online for some advice here.

Time

  • Played on: July 23, 2018, 7:56 p.m.
  • Length: 9:50
Show
View Real Time Build Order
Export as new Build Order

Juxtapose Zerg 

Build Orders: Hatch First 

Get SALT Encoding   

  12  0:01  Drone  
  13  0:12  Drone  
  14  0:22  Overlord  
  14  0:40  Drone  
  14  0:41  Drone  
  16  0:53  Hatchery  
  16  0:54  Drone  
  16  1:04  Extractor, Drone  
  16  1:21  Spawning Pool, Drone  
  16  1:32  Drone x2  
  18  1:37  Overlord  
  18  1:49  Overlord  
  18  2:10  Spine Crawler  
  18  2:11  Drone  
  18  2:13  Drone x2  
  20  2:22  Queen  
  20  2:24  Drone  
  23  2:31  Drone  
  23  2:35  Drone x2  
  26  2:41  Spine Crawler  
  24  2:51  Roach Warren  
  24  2:53  Zergling x2  
  24  3:00  Drone x2  
  26  3:32  Roach x3  
  32  3:36  Roach x2  
  32  3:38  Queen  
  38  4:01  Extractor  
  37  4:05  Evolution Chamber  
  37  4:06  Roach  
  37  4:07  Overlord  
  38  4:29  Roach x2, Overlord  
  42  4:33  Ravager  
  42  4:34  Ravager  
  42  4:38  Zerg Missile Weapons Level 1  
  44  4:39  Drone  
  45  4:47  Drone  
  45  4:51  Drone, Spore Crawler  
  46  5:02  Ravager  
  46  5:03  Ravager  
  45  5:31  Lair  
  45  5:34  Roach x3  
  51  5:42  Spine Crawler  
  50  6:13  Zergling x4  
  50  6:14  Overlord x2  
  52  6:36  Metabolic Boost, Nydus Network  
  51  6:52  Overseer  
  51  6:58  Zergling x12  
  51  6:59  Zergling x4  
  59  7:21  Zergling x4  
  61  7:36  Nydus Canal  
  60  8:18  Zergling x14  
  66  8:20  Glial Reconstitution  
Show
View Real Time Build Order
Export as new Build Order

PitFall Protoss - Winner!

Build Orders: Cannon Rush 

Get SALT Encoding   

  1  0:00  Probe  
  13  0:07  Probe  
  14  0:20  Pylon  
  14  0:39  Forge  
  14  0:42  Probe  
  15  0:54  Probe  
  16  1:13  Pylon  
  16  1:14  Assimilator  
  15  1:33  Photon Cannon  
  15  1:36  Photon Cannon  
  15  1:37  Probe  
  15  1:40  Photon Cannon  
  16  1:54  Photon Cannon  
  16  2:15  Photon Cannon  
  16  2:25  Probe  
  16  2:29  Gateway  
  17  2:33  Probe  
  17  2:43  Probe  
  18  2:44  Photon Cannon  
  18  2:49  Assimilator  
  19  3:01  Pylon  
  19  3:25  Probe  
  19  3:27  Assimilator  
  19  3:33  Probe  
  21  3:43  Probe  
  22  4:00  Zealot  
  24  4:16  Cybernetics Core  
  24  4:25  Photon Cannon  
  24  4:27  Zealot  
  26  4:32  Pylon  
  26  4:58  Nexus  
  26  5:02  Stargate  
  26  5:06  Stargate  
  26  5:17  Shield Battery  
  26  5:19  Shield Battery  
  26  5:25  Shield Battery  
  26  5:47  Void Ray  
  26  5:49  Void Ray  
  34  6:25  Probe  
  34  6:26  Probe  
  34  6:30  Void Ray  
  40  6:33  Probe  
  40  6:34  Probe  
  42  6:41  Probe  
  42  6:45  Probe  
  44  6:48  Void Ray  
  44  6:52  Probe  
  49  6:57  Assimilator  
  49  7:00  Assimilator  
  49  7:04  Probe  
  50  7:16  Probe  
  50  7:18  Void Ray  
  55  7:32  Zealot  
  57  7:53  Void Ray  
  61  8:04  Zealot  
  61  8:09  Void Ray  
Tags
 
Add a new tag
Caveats
  • Supply blocks, unpowered buildings, or Contaminate may cause inaccurate times.
  • Supply counts are checked every 10 seconds.